 Dungeon Crawl Stone Soup version 0.27.1-2-g3b301248ec (webtiles) character file.

Game seed: 3766872504640836693

311 GameOver the Conjurer (level 6, -6/49 HPs)
             Began as a Naga Hedge Wizard on Oct 3, 2021.
             Mangled by Grinder (7 damage)
             ... on level 3 of the Dungeon.
             The game lasted 00:10:11 (2277 turns).

GameOver the Conjurer (Naga Hedge Wizard)           Turns: 2277, Time: 00:10:12

Health: -6/49      AC:  3    Str: 10    XL:     6   Next: 42%
Magic:  1/9        EV:  9    Int: 17    God:
Gold:   60         SH:  0    Dex: 10    Spells: 5/11 levels left

rFire    . . .     SeeInvis +   a - +1 whip (vamp)
rCold    . . .     Faith    .   (no shield)
rNeg     . . .     Spirit   .   b - +0 robe
rPois    +         Reflect  .   c - +0 hat
rElec    .         Harm     .   (no cloak)
rCorr    .         Rampage  .   (no gloves)
Will     .....                  (no barding)
Stlth    ++........             (no amulet)
HPRegen  0.16/turn              (no ring)
MPRegen  0.11/turn              (no ring)

@: short of breath, very slow
A: AC +2, large, see invisible, deformed body, poison resistance, slowness 2,
spit poison 1, naga tail 1, horns 1, low mp 1, weak 1
a: Spit Poison


You were on level 3 of the Dungeon.
You visited 1 branch of the dungeon, and saw 3 of its levels.

You collected 60 gold pieces.

Inventory:

Hand Weapons
 a - a +1 vampiric whip (weapon)
 h - a +0 long sword
 m - a +0 dagger of speed
 p - a +0 quarterstaff
Armour
 b - a +0 robe (worn)
 c - a +0 hat (worn)
Magical Staves
 o - a staff of cold
Scrolls
 d - a scroll of blinking {unknown}
 e - a scroll of identify {unknown}
 g - a scroll of teleportation
 i - a scroll of enchant weapon {unknown}
 j - a scroll of acquirement {unknown}
Potions
 l - 2 potions of curing


   Skills:
 - Level 1.5 Dodging
 + Level 3.4 Stealth
 - Level 3.0 Spellcasting
 * Level 5.9 Conjurations
 - Level 1.0 Summonings
 * Level 1.7 Translocations
 + Level 1.0 Poison Magic


You had 5 spell levels left.
You knew the following spells:

 Your Spells              Type           Power      Damage    Failure   Level
a - Magic Dart            Conj           88%        1d7       1%          1
b - Blink                 Tloc           N/A        N/A       13%         2
d - Mephitic Cloud        Conj/Pois/Air  10%        N/A       21%         3

Your spell library contained the following spells:

 Spells                   Type           Power      Damage    Failure   Level
 Shock                    Conj/Air       48%        1d6       5%          1
 Conjure Flame            Conj/Fire      12%        6-21      16%         3
 Call Imp                 Summ           5%         N/A       17%         2
 Slow                     Hex            2%         N/A       26%         2
 Swiftness                Air            2%         N/A       45%         3
 Airstrike                Air            1%         N/A       86%         4


Dungeon Overview and Level Annotations

Branches:
Dungeon (3/15)

Altars:
Qazlal
Ru

Shops:
D:2 [

Annotations:
D:3 Grinder


Innate Abilities, Weirdness & Mutations

Your serpentine skin is tough. (AC +2)
You have supernaturally acute eyesight. (SInv)
Armour fits poorly on your strangely shaped body.
Your system is resistant to poisons. (rPois)
You cover ground very slowly.
You can spit poison.
You have a snake-like lower body.
You have a pair of small horns on your head.
Your magical capacity is low. (-10% MP)
You are weak. (Str -2)


Message History

Grinder is heavily wounded.
Grinder hits you!
You writhe in agony.
You hit Grinder but do no damage.
Grinder is heavily wounded.
Grinder barely misses you.
Okay, then.
Okay, then.
Casting: Magic Dart (safe; 1% risk of failure)
Confirm with . or Enter, or press ? or * to list all spells.
Aiming: Magic Dart (safe; 1% risk of failure)
Press: ? - help, Shift-Dir - straight line, f/p - Grinder
Aim: Grinder (heavily wounded, 100% to hit)
The magic dart hits Grinder.
Grinder is heavily wounded.
You have got your breath back.
Grinder says, "You look like you could use a good racking."
Grinder gestures at you. Pain shoots through your body!
* * * LOW HITPOINT WARNING * * *
Unknown command.
Unknown command.
Unknown command.
Unknown command.
Press: ? - help, Shift-Dir - straight line, f/p - Grinder
Aim: Grinder (heavily wounded)
The splash of poison hits Grinder.
Grinder is heavily wounded.
Grinder gestures at you.
You suddenly lose the ability to move!
Grinder hits you.
* * * LOW HITPOINT WARNING * * *
You can move again.
Unknown command.
Unknown command.
You hit Grinder.
Grinder is heavily wounded.
Grinder hits you!
* * * LOW HITPOINT WARNING * * *
Grinder hits you!
You die...

.....# ...†.# #.
....#### .....# #'
.......###
###...........#.........
#......... .#.........
#.?..5.... '.........
#.:....... #.........
#......... #.5.......
#......... #.@.......
########## #)........
#..))..... # ##########
# # # ##############
....#§§§§§§§§§


You could see Grinder.

Vanquished Creatures
  A gnoll shaman (D:3)
  Jessica (D:3)
  Natasha (twice) (D:3)
  An orc wizard (D:3)
  5 adders
  8 gnolls (D:3)
  9 ball pythons
  6 endoplasms
  A giant cockroach (D:1)
  2 goblins
  4 hobgoblins
  8 jackals (D:1)
  7 kobolds
  2 quokkas
  8 bats
  2 frilled lizards (D:2)
  4 rats
71 creatures vanquished.

Notes
Turn   | Place    | Note
-------+----------+-------------------------------------------
     0 | D:1      | GameOver the Naga Hedge Wizard began the quest for the Orb.
     0 | D:1      | Reached XP level 1. HP: 15/15 MP: 4/4
   253 | D:1      | Reached skill level 2 in Conjurations
   253 | D:1      | Reached XP level 2. HP: 17/22 MP: 6/6
   590 | D:1      | Found a faded altar of an unknown god.
   591 | D:1      | Noticed a great orb of eyes
   595 | D:1      | Noticed an eye of devastation
   595 | D:1      | Noticed a great orb of eyes
   595 | D:1      | Noticed a great orb of eyes
   679 | D:1      | Reached XP level 3. HP: 28/28 MP: 3/7
   826 | D:1      | Reached skill level 3 in Conjurations
  1047 | D:2      | Found Vaggub's Armour Shop.
  1242 | D:2      | Reached XP level 4. HP: 36/36 MP: 6/8
  1316 | D:2      | Reached skill level 4 in Conjurations
  1664 | D:3      | Noticed Natasha
  1672 | D:3      | Killed Natasha
  1676 | D:3      | Learned a level 2 spell: Blink
  1680 | D:3      | Learned a level 3 spell: Mephitic Cloud
  1715 | D:3      | Found a stormy altar of Qazlal.
  1749 | D:3      | Reached XP level 5. HP: 42/42 MP: 6/9
  1795 | D:3      | Reached skill level 5 in Conjurations
  1834 | D:3      | Found a sacrificial altar of Ru.
  2081 | D:3      | Reached XP level 6. HP: 49/49 MP: 5/10
  2091 | D:3      | Noticed Jessica
  2093 | D:3      | Killed Jessica
  2111 | D:3      | Noticed Natasha
  2124 | D:3      | Gained mutation: You have a pair of small horns on your
                  | head. [potion of mutation]
  2124 | D:3      | Gained mutation: Your magical capacity is low. (-10% MP)
                  | [potion of mutation]
  2124 | D:3      | Gained mutation: You are weak. (Str -2) [potion of
                  | mutation]
  2129 | D:3      | Killed Natasha
  2236 | D:3      | Noticed Grinder
  2258 | D:3      | Reached skill level 1 in Poison Magic
  2258 | D:3      | Paralysed by Grinder for 6 turns
  2275 | D:3      | Paralysed by Grinder for 2 turns
  2277 | D:3      | HP: 1/49 [Grinder (10)]
  2277 | D:3      | Mangled by Grinder

Illustrated notes

Levels and vault maps discovered:
D:1:      dpeg_arrival_ternary, layout_loops_ring,
          hellmonk_ecumenical_altar_watching_god
D:2:      layout_loops_ring, serial_shops, nicolae_square_shop
D:3:      layout_basic, nicolae_qazlal_eye_of_the_storm,
          nicolae_ru_great_annihilating_truth, uniq_natasha, uniq_jessica,
          uniq_grinder

Skill      XL: |  1  2  3  4  5  6 |
---------------+-------------------+-----
Conjurations   | 2 3 4 5 |  5.9
Poison Magic   | 1 |  1.0
Dodging        | |  1.5
Stealth        | |  3.4
Spellcasting   | |  3.0
Summonings     | |  1.0
Translocations | |  1.7

Action                   |  1- 3 |  4- 6 || total
-------------------------+-------+-------++-------
Melee: Whip              |     5 |    35 ||    40
       Dagger            |     4 |       ||     4
       Headbutt          |       |     2 ||     2
 Cast: Magic Dart        |    63 |    56 ||   119
       Mephitic Cloud    |       |     3 ||     3
 Abil: Spit Poison       |    33 |    26 ||    59
  Use: Potion            |       |     5 ||     5
       Scroll            |       |     1 ||     1
 Stab: Confused          |       |     1 ||     1
Armor: Robe              |     9 |     5 ||    14
       Skin              |       |     2 ||     2
Dodge: Dodged            |    27 |    17 ||    44
